 Dungeon Crawl Stone Soup version 0.27-a0-1325-g58a489ad9e (webtiles) character file.

Game seed: 5918767097362776849

284 snetch the Magician (level 6, -1/42 HPs)
             Began as a Djinni Fire Elementalist on June 24, 2021.
             Was a Believer of Yredelemnul.
             Slain by a mummy (17 damage)
             ... in an ossuary.
             The game lasted 00:14:16 (4527 turns).

snetch the Magician (Djinni Fire Elementalist)      Turns: 4527, Time: 00:14:17

Health: -1/42      AC:  3    Str:  7    XL:     6   Next: 54%
Gold:   159        EV: 13    Int: 19    God:    Yredelemnul [**....] SH:  5 Dex: 13

rFire    + + .     SeeInvis .   o - +2 dagger (venom)
rCold    x . .     Faith    .   (no shield)
rNeg     . . .     Spirit   .   a - +0 robe
rPois    ∞         Reflect  +   (no helmet)
rElec    .         Harm     .   (no cloak)
rCorr    .         Rampage  .   g - +0 pair of gloves
Will     .....                  (boots unavailable)
Stlth    ++........             h - amulet of reflection
HPRegen  0.14/turn              (no ring)
MPRegen  0.00/turn              (no ring)

@: flying
A: sickness immunity, fire resistance 2, cold vulnerability 1, float, innate
caster, hp casting, extra vitality 1
a: Renounce Religion, Animate Remains, Recall Undead Slaves, Injury Mirror


You were in an ossuary.
You worshipped Yredelemnul.
Yredelemnul was pleased with you.
You visited 1 branch of the dungeon, and saw 4 of its levels.
You also visited: Ossuary.

You collected 159 gold pieces.

Inventory:

Hand Weapons
 i - a +0 quarterstaff
 m - a +0 trident
 o - a +2 dagger of venom (weapon)
Missiles
 e - 134 stones
 f - 51 arrows
 q - 5 boomerangs
 s - 5 javelins
Armour
 a - a +0 robe (worn)
 c - a +0 kite shield
 g - a +0 pair of gloves (worn)
 j - a +0 plate armour
 p - a +0 scale mail
 t - a +0 ring mail
 v - a +0 ring mail
Magical Staves
 d - a staff of air
 u - a staff of earth
Jewellery
 h - an amulet of reflection (around neck)
Wands
 r - a wand of digging (5)
Scrolls
 n - a scroll of identify {unknown}
 x - a scroll of teleportation {unknown}
 y - a scroll of fear {unknown}
 D - a scroll of torment {unknown}
 E - a scroll of amnesia {unknown}
 F - a scroll of immolation {unknown}
 G - a scroll of fog {unknown}
Potions
 b - a potion of attraction {unknown}
 k - a potion of degeneration {unknown}
 l - a potion of flight {unknown}
 w - a potion of invisibility {unknown}
 z - 2 potions of berserk rage {unknown}
 A - a potion of mutation {unknown}
 B - a potion of might {unknown}
 C - a potion of curing {unknown}
 H - a potion of brilliance {unknown}


   Skills:
 + Level 1.4 Fighting
 + Level 3.1 Dodging
 + Level 2.1 Stealth
 + Level 0.9 Shields
 + Level 4.4 Spellcasting
 + Level 1.0 Invocations


You couldn't memorise any spells.
You knew the following spells:

 Your Spells              Type           Power      Damage    Failure   Level
a - Foxfire               Conj/Fire      84%        2x1d8     2%          1
b - Conjure Flame         Conj/Fire      21%        6-21      6%          3
c - Inner Flame           Hex/Fire       21%        N/A       6%          3
d - Sticky Flame          Conj/Fire      21%        2d4       22%         4
e - Fireball              Conj/Fire      10%        3d6       52%         5
f - Animate Skeleton      Necr           42%        N/A       2%          1
g - Slow                  Hex            21%        N/A       3%          2
Your spell library was empty.

Dungeon Overview and Level Annotations

Branches:
Dungeon (4/15)            Ossuary (1/1)
 Temple: D:4-7

Altars:
Nemelex Xobeh
Yredelemnul


Innate Abilities, Weirdness & Mutations

You are immune to sickness and miasma.
You are immune to poison.
Your flesh is very heat resistant. (rF++)
You are vulnerable to cold. (rC-)
You float through the air rather than walking.
You learn spells naturally, not from books.
Your magical power is your life essence.
You have superior vitality. (+4 HP)


Message History

You conjure some foxfire!
You conjure some foxfire!
Your foxfire dissipates!
Your magical contamination has completely faded away.
Your foxfire dissipates! x2
Your foxfire dissipates!
Your foxfire dissipates! x2
Your foxfire dissipates!
There is an open door here.
H - a fuming cyan potion
There is an open door here.
There is an open door here.
You avoid triggering an arrow trap.
There is an arrow trap here.
You avoid triggering an arrow trap.
There is an arrow trap here.
You reach down and open the door.
There is an open door here.
You reach down and open the door.
A mummy comes into view.
Found a scroll labelled YKLUR OGHO JIE.
You conjure some foxfire!
You conjure some foxfire!
The foxfire hits the mummy!
The mummy is burned terribly!
The mummy is moderately damaged.
You conjure some foxfire!
Your foxfire dissipates!
The mummy hits you!
There is an open door here.
Your foxfire dissipates!
The mummy hits you!
You see here a scroll labelled YKLUR OGHO JIE.
You are too injured to fight recklessly!
You are too injured to fight recklessly!
Casting: Foxfire (safe; 2% risk of failure)
Press: ? - help, Q - select action, (/) - cycle Dir - look around, f - activate You conjure some foxfire!
The mummy hits you!
You die...
Your body rises from the dead as a mindless zombie.

##.## ###...#####
##.'..v§...#
##..#§§§###..#
#..###'## ##.##
### #+# #..#
##.## ##^##
###...# #..#
##.'.@v+ ##^# ###
##..#M.v#
#'###'###..###.##
#.##...#.§## #+#
#.^'...'§'## #.##
####...###.###..#
##v## ##^##.##
#.# ##^#'# #.##
##'.##


You could see a mummy (ally target).

Vanquished Creatures
  An iguana (D:4)
  3 orc wizards
  7 mummies (Ossuary)
  3 adders
  A worm (D:2)
  5 orcs
  5 bats
  An endoplasm (D:2)
  A giant cockroach (D:2)
  5 goblins
  3 hobgoblins
  2 kobolds
  4 quokkas
  6 ball pythons
  2 frilled lizards (D:2)
  2 gnoll skeletons (Ossuary)
  2 goblin skeletons (Ossuary)
  3 kobold skeletons (Ossuary)
  An orc skeleton (Ossuary)
  4 rats
  11 rat skeletons (Ossuary)
72 creatures vanquished.

Vanquished Creatures (collateral kills)
  A giant cockroach (D:2)
  A bat (D:2)
2 creatures vanquished.

Vanquished Creatures (others)
  2 bat zombies (D:2)
  A frilled lizard zombie (D:2)
  268 foxfires
271 creatures vanquished.

Grand Total: 345 creatures vanquished

Notes
Turn   | Place    | Note
-------+----------+-------------------------------------------
     0 | D:1      | snetch the Djinni Fire Elementalist began the quest for the
                  | Orb.
     0 | D:1      | Reached XP level 1. HP: 15/15 MP: 0/0
   261 | D:2      | Reached XP level 2. HP: 12/21 MP: 0/0
   568 | D:2      | HP: 1/21 [goblin (1)]
  1161 | D:2      | Reached skill level 3 in Spellcasting
  1193 | D:2      | Found a faded altar of an unknown god.
  1202 | D:2      | Became a worshipper of Yredelemnul the Dark
  1202 | D:2      | Reached * piety under Yredelemnul
  1211 | D:2      | Reached XP level 3. HP: 21/25 MP: 0/0
  1211 | D:2      | Learned a level 1 spell: Animate Skeleton
  2321 | D:2      | Reached XP level 4. HP: 13/31 MP: 0/0
  3026 | D:3      | Reached XP level 5. HP: 21/35 MP: 0/0
  3026 | D:3      | Learned a level 2 spell: Slow
  3410 | D:4      | Found a sparkling altar of Nemelex Xobeh.
  3418 | D:4      | Reached skill level 4 in Spellcasting
  3469 | D:4      | Found a sand-covered staircase.
  3484 | D:4      | Reached skill level 1 in Fighting
  3490 | Ossuary  | Entered an ossuary
  3628 | Ossuary  | Reached XP level 6. HP: 35/42 MP: 0/0
  3628 | Ossuary  | Reached ** piety under Yredelemnul
  3651 | Ossuary  | Reached skill level 1 in Invocations
  4527 | Ossuary  | Slain by a mummy

Illustrated notes

Levels and vault maps discovered:
D:1:      saegor_arrival_simple_c, layout_basic, chequers_mini_garden,
          corexii_item_surrounded_by_moat
D:2:      layout_loops_ring, ebering_ecumenical_altar_hall
D:3:      layout_loops_ring
D:4:      layout_gridville, nicolae_overflow_hidden_temple, serial_shops, shop,
          nicolae_ossuary_entry_monument
Ossuary:  ossuary_due_small_catacomb

Skill      XL: |  1  2  3  4  5  6 |
---------------+-------------------+-----
Spellcasting   | 3 4 |  4.4
Dodging        | 3 |  3.1
Fighting       | 1 |  1.4
Invocations    | 1 |  1.0
Stealth        | 2 |  2.1
Shields        | |  0.9

Action                   |  1- 3 |  4- 6 || total
-------------------------+-------+-------++-------
 Cast: Foxfire           |    66 |   104 ||   170
Invok: Animate Remains   |     4 |     8 ||    12
Evoke: Wand              |       |     1 ||     1
Armor: Robe              |    12 |     3 ||    15
Dodge: Dodged            |    26 |     7 ||    33
Block: Other             |     5 |     6 ||    11

Table legend: (Time is in decaauts)
 A = Elapsed time spent in this place.
 B = Non-inter-level travel time spent in this place.
 C = Inter-level travel time spent in this place.
 D = Time resting spent in this place.
 E = Time spent auto-exploring this place.
 F = Levels seen in this place.
 G = Mean time per level.
                   A        B        C        D        E       F      G
               +--------+--------+--------+--------+--------+-----+--------+
         Total |   4531 |   4335 |    196 |    360 |   2987 |   5 |  906.2 |
       Dungeon |   3494 |   3298 |    196 |    360 |   2137 |   4 |  873.5 |
       Ossuary |   1036 |   1036 |      0 |      0 |    850 |   1 | 1036.0 |
               +--------+--------+--------+--------+--------+-----+--------+

Top non-repeatable levels by time:
     D:2: 1965 daAuts
 Ossuary: 1036 daAuts
     D:1: 973 daAuts
     D:3: 317 daAuts
     D:4: 238 daAuts
